 Dungeon Crawl Stone Soup version 0.24-a0-292-g5c6fb1cd70 (webtiles) character file.

Game seed: 1243985536942074324

18 Redear the Ducker (level 2, 0/14 HPs)
             Began as a Felid Monk on May 10, 2019.
             Slain by a goblin (2 damage)
             ... on level 1 of the Dungeon.
             The game lasted 00:01:31 (403 turns).

Redear the Ducker (Felid Monk)                       Turns: 403, Time: 00:01:32

Health: 0/14       AC:  1    Str:  7    XL:     2   Next: 48%
Magic:  3/3        EV: 20    Int: 11    God:
Gold:   27         SH:  0    Dex: 18    Spells: 1/1 levels left
                                        Lives:  0   Deaths: 0

rFire    . . .     SeeInvis +     - Unarmed
rCold    . . .     Gourm    .   (shield unavailable)
rNeg     . . .     Faith    .   (armour unavailable)
rPois    .         Spirit   .   (helmet unavailable)
rElec    .         Reflect  .   (cloak unavailable)
rCorr    .         Harm     .   (gloves unavailable)
MR       .....                  (boots unavailable)
Stlth    +++.......             (no amulet)
HPRegen  0.04/turn              (no ring)
MPRegen  0.08/turn              (no ring)

@: quick
A: very small, no armour, no weapons or thrown items, stealth, claws 1, fangs 3,
see invisible, carnivore, speed 1, shaggy fur 1, slow metabolism 1, sharp paws
a: no special abilities


You were on level 1 of the Dungeon.
You were full.

You visited 1 branch of the dungeon, and saw 1 of its levels.

You collected 27 gold pieces.

Inventory:

Scrolls
 b - a scroll of remove curse {unknown}
 c - a scroll of noise {unknown}
Comestibles
 z - 3 rations


   Skills:
 + Level 3.2 Fighting
 + Level 4.3 Dodging
 + Level 3.2 Stealth
 + Level 3.2 Unarmed Combat


You had one spell level left.
You didn't know any spells.
Your spell library was empty.

Dungeon Overview and Level Annotations

Branches:
Dungeon (1/15)

Altars:


Innate Abilities, Weirdness & Mutations

You cannot wear armour.
You are incapable of wielding weapons or throwing items.
Your paws allow you to move quietly. (Stealth)
You have sharp claws.
You have razor-sharp teeth.
You have supernaturally acute eyesight. (SInv)
You are carnivorous and can eat meat at any time.
You cover ground quickly.
You are covered in fur. (AC +1)
You have a slow metabolism.
Your sharp claws are effective at attacking unaware monsters.


Message History

You barely miss the frilled lizard.
You bite the frilled lizard, but do no damage.
The frilled lizard bites you.
* * * LOW HITPOINT WARNING * * *
You take 2 damage, and have 4/14 hp.
You scratch the frilled lizard.
You kill the frilled lizard!
The bat misses you. The bat hits you but does no damage. The goblin misses you.
The rat misses you.
Things that are here:
2 stones; a frilled lizard corpse The bat misses you.
The bat hits you but does no damage.
You miss the bat. The bat barely misses you.
You closely miss the bat. The bat completely misses you.
You scratch the bat but do no damage. The bat hits you but does no damage.
You barely miss the goblin. The goblin hits you.
* * * LOW HITPOINT WARNING * * *
You take 2 damage, and have 2/14 hp.
You closely miss the goblin. The goblin hits you.
You die...

#.#. #....#
.########.>.###....#
.......?.........######
#.....##..............
#..≈≈≈♣.........######
.P≈≈≈..#.......#
♣≈≈≈..#....##.# #
#.#.#.#.#..##†### #.#
#.#@gb#.#..##...##
#...##.###r#....#..#..###
........Kr...#...........
.####..##(#.#...###.....
. #(.........## ##....
...## #.#........# #....
......#K###......# ##....
#..lb# #.......###.....
#..†...#...............


You could see a goblin, a bat and a rat.

Vanquished Creatures
  A dart slug (D:1)
  A leopard gecko (D:1)
  3 bats (D:1)
  A giant cockroach (D:1)
  3 hobgoblins (D:1)
  2 kobolds (D:1)
  A frilled lizard (D:1)
  A rat (D:1)
13 creatures vanquished.

Notes
Turn   | Place    | Note
-------+----------+-------------------------------------------
     0 | D:1      | Redear the Felid Monk began the quest for the Orb.
     0 | D:1      | Reached XP level 1. HP: 10/10 MP: 2/2
    40 | D:1      | Reached skill level 3 in Stealth
   283 | D:1      | Reached XP level 2. HP: 14/14 MP: 3/3
   403 | D:1      | Slain by a goblin

Levels and vault maps discovered:
D:1:      minmay_arrival_four_circles, layout_rooms, serial_bayou_pond_e,
          minmay_pentomino_q4

Skill      XL: |  1 |
---------------+----+-----
Stealth        | 3 |  3.2
Fighting       | |  3.2
Dodging        | |  4.3
Unarmed Combat | |  3.2

Action                   || total
-------------------------++-------
Melee: Unarmed           ||    54
       Punch             ||     2
       Bite              ||     5
 Stab: Sleeping          ||     1
  Eat: Chunk             ||     2
Armor: Skin              ||    10
Dodge: Dodged            ||    86

Table legend:
 A = Non-vault XP
 B = Vault XP
 C = Vault XP percentage of total XP
 D = Non-vault monster count
 E = Vault monster count
 F = Vault count percentage of total count
                 A         B        C        D         E       F
            +---------+---------+-------+---------+---------+-------
      Total |      20 |       6 |  23.1 |      11 |       2 |  15.4
            +---------+---------+-------+---------+---------+-------
        D:1 |      20 |       6 |  23.1 |      11 |       2 |  15.4
            +---------+---------+-------+---------+---------+-------
